 Dungeon Crawl Stone Soup version 0.30-a0-170-g85af917532 (webtiles) character file.

Game seed: 15850527485461344875

1300 qw the Cleaver (level 8, -4/51 HPs)
             Began as a Gargoyle Fighter on Oct 1, 2022.
             Slain by a steam dragon (5 damage)
             ... on level 7 of the Dungeon.
             The game lasted 00:02:25 (7176 turns).

qw the Cleaver (Gargoyle Fighter)                   Turns: 7176, Time: 00:02:25

Health: -4/51      AC: 19    Str: 22    XL:     8   Next: 57%
Magic:  8/8        EV:  7    Int:  9    God:
Gold:   465        SH:  4    Dex:  9    Spells: 7/7 levels left

rFire   . . .      SeeInvis +    Y - +0 war axe
rCold   . . .      Faith    .    c - +0 buckler
rNeg    + + .      Spirit   .    s - +0 chain mail
rPois   inf        Reflect  .    (no helmet)
rElec   +          Harm     .    o - scarf {repulsion}
rCorr   .          Rampage  .    b - +1 pair of gloves
Will    .....                    (no boots)
Stlth   ..........               (no amulet)
HPRegen 0.17/turn                j - ring of see invisible
MPRegen 0.11/turn                q - ring of positive energy

@: repel missiles
A: sickness immunity, AC +5, negative energy resistance 1, electricity
resistance, torment resistance 1, petrification resistance, iridescent scales 1
a: no special abilities


You were on level 7 of the Dungeon.
You visited 1 branch of the dungeon, and saw 7 of its levels.

You collected 465 gold pieces.


Innate Abilities, Weirdness & Mutations

You are immune to sickness and miasma.
Your stone body is resilient. (AC +5)
You are immune to poison.
You resist negative energy. (rN+)
You are resistant to electric shocks. (rElec)
You are resistant to unholy torment.
You are immune to petrification.
You are partially covered in iridescent scales. (AC +2)


   Skills:
 + Level 5.9 Fighting
 - Level 8.0 Axes
 - Level 4.3 Armour
 - Level 1.2 Dodging
 - Level 3.2 Shields


You had 7 spell levels left.
You didn't know any spells.
Your spell library was empty.

Inventory:

Hand Weapons
 m - a +0 flail
 r - the +7 hammer "Cah Ehe" {vorpal, rPois rF- SInv}
   (You found it on level 6 of the Dungeon)

   It inflicts extra damage upon your enemies.
   rF:        It makes you vulnerable to fire.
   rPois:     It protects you from poison.
   SInv:      It lets you see invisible.
 Y - a +0 war axe (weapon)
Armour
 b - a +1 pair of gloves (worn)
 c - a +0 buckler (worn)
 g - a +0 cloak
 o - a scarf of repulsion (worn)
 s - a +0 chain mail (worn)
Jewellery
 j - a ring of see invisible (left hand)
 q - a ring of positive energy (right hand)
Scrolls
 a - a scroll of identify
Potions
 d - 3 potions of might
 e - 7 potions of curing
 f - 2 potions of haste
 h - a potion of lignification
 i - 2 potions of resistance
 l - a potion of flight {unknown}
 n - a potion of mutation
 p - a potion of attraction

Dungeon Overview and Level Annotations

Branches:
Dungeon (7/15)
 Temple: D:4-7

Altars:
Dithmenos
Fedhas

Shops:
D:4 :

Annotations:
D:4 1 runed translucent door, qw's ghost, amateur GrFi
D:6 1 runed translucent door, Crazy Yiuf


Message History

The steam dragon is lightly wounded.
The steam dragon closely misses you.
The steam dragon claws you but does no damage.
You barely miss the steam dragon.
The steam dragon is lightly wounded.
The steam dragon breathes steam at you.
The ball of steam is repelled.
You closely miss the steam dragon.
The steam dragon is lightly wounded.
You are engulfed in a cloud of scalding steam.
The steam dragon bites you.
The steam dragon claws you but does no damage.
You slash the steam dragon!
The steam dragon is heavily wounded.
The steam dragon bites you but does no damage.
The steam dragon claws you but does no damage.
You barely miss the steam dragon.
The steam dragon is heavily wounded.
The steam dragon bites you but does no damage.
The steam dragon barely misses you.
You barely miss the steam dragon.
The steam dragon is heavily wounded.
An orc comes into view. It is wielding a +0 hand axe.
The steam dragon bites you but does no damage.
The steam dragon claws you but does no damage.
The steam dragon bites you but does no damage.
You block the steam dragon's attack.
You slash the steam dragon!
The steam dragon is almost dead.
The steam dragon barely misses you. The steam dragon closely misses you.
You closely miss the steam dragon.
The steam dragon is almost dead.
The steam dragon breathes steam at you. The ball of steam hits you!
You barely miss the steam dragon.
The steam dragon is almost dead.
You are engulfed in a cloud of scalding steam.
The steam dragon bites you but does no damage.
The steam dragon claws you.
You die...

#. #. ###.
...##
...###
#....###..
#.......).
#.D¤#
#¤@## #.¤#
#.¤# #o.#
....
.....#
.......
#........
.........


You could see a steam dragon (catching breath) and an orc.

Vanquished Creatures
  3 sky beasts (D:6)
  2 phantoms (D:5)
  4 scorpions
  A howler monkey (D:4)
  5 jellies
  2 hounds
  2 orc priests
  4 iguanas
  An orc wizard (D:4)
  A gnoll (D:5)
  4 adders
  A white imp (D:5)
  An ufetubus (D:5)
  3 worms
  3 dart slugs
  15 orcs
  8 endoplasms
  7 giant cockroaches
  10 goblins
  8 hobgoblins
  9 jackals
  4 quokkas
  10 ball pythons
  7 bats
  4 frilled lizards
  11 kobolds
  7 rats
137 creatures vanquished.

Notes
Turn   | Place    | Note
-------+----------+-------------------------------------------
     0 | D:1      | qw the Gargoyle Fighter began the quest for the Orb.
     0 | D:1      | Reached XP level 1. HP: 14/14 MP: 1/1
     0 | D:1      | 0 ||| qw: Version: 0.2-a-13-gfc7b4b4
     0 | D:1      | 0 ||| qw: Game counter: 1722
     0 | D:1      | 0 ||| qw: Always use a shield: true
     0 | D:1      | 0 ||| qw: God list: Okawaru
     0 | D:1      | 0 ||| qw: Allow faded altars: false
     0 | D:1      | 0 ||| qw: Do Orc after D:15 true
     0 | D:1      | 0 ||| qw: Do second Lair branch before Depths: true
     0 | D:1      | 0 ||| qw: Lair rune preference: random
     0 | D:1      | 0 ||| qw: Plans: Normal, Zot:1-4, God:TSO, Crypt, Tomb,
                  | Pan, Slime:5, Hells, Abyss, Orb
     0 | D:1      | 0 ||| PLANNING D:1-11
    39 | D:1      | 39 ||| Stepping ~*~*~tactically~*~*~ (stealth).
    40 | D:1      | 40 ||| Stepping ~*~*~tactically~*~*~ (stealth).
    49 | D:1      | Reached skill level 2 in Axes
   320 | D:1      | Reached XP level 2. HP: 17/19 MP: 2/2
   690 | D:1      | Reached skill level 3 in Axes
   716 | D:1      | Reached XP level 3. HP: 22/23 MP: 3/3
   843 | D:1      | 843 ||| Stepping ~*~*~tactically~*~*~ (stealth).
  1353 | D:1      | 1353 ||| UPGRADING to ring of see invisible.
  1354 | D:1      | 1354 ||| READING 2 scrolls labelled HEEZIFF UFIEFF.
  1355 | D:1      | 1355 ||| READING scroll labelled GOMNISHEOVI.
  1359 | D:1      | 1359 ||| READING scroll labelled MOIKHL NOADD.
  1360 | D:1      | 1360 ||| DRINKING 2 black potions.
  1361 | D:1      | 1361 ||| DRINKING 2 murky silvery potions.
  1362 | D:1      | 1362 ||| DROPPING potion of invisibility.
  1387 | D:2      | 1387 ||| Stepping ~*~*~tactically~*~*~ (stealth).
  1389 | D:2      | 1389 ||| Stepping ~*~*~tactically~*~*~ (stealth).
  1398 | D:2      | 1398 ||| Stepping ~*~*~tactically~*~*~ (stealth).
  1399 | D:2      | 1399 ||| Stepping ~*~*~tactically~*~*~ (stealth).
  1400 | D:2      | 1400 ||| Stepping ~*~*~tactically~*~*~ (stealth).
  1430 | D:2      | 1430 ||| Stepping ~*~*~tactically~*~*~ (stealth).
  1433 | D:2      | 1433 ||| Stepping ~*~*~tactically~*~*~ (stealth).
  1434 | D:2      | 1434 ||| Stepping ~*~*~tactically~*~*~ (stealth).
  1658 | D:2      | 1658 ||| Stepping ~*~*~tactically~*~*~ (stealth).
  1660 | D:2      | 1660 ||| Stepping ~*~*~tactically~*~*~ (stealth).
  1770 | D:2      | Reached XP level 4. HP: 26/28 MP: 4/4
  1823 | D:2      | Reached skill level 4 in Axes
  2211 | D:2      | Found a faded altar of an unknown god.
  2493 | D:2      | 2493 ||| READING 2 scrolls of identify.
  2493 | D:2      | 2493 ||| IDENTIFYING bubbling yellow potion
  2588 | D:3      | 2588 ||| Stepping ~*~*~tactically~*~*~ (hiding).
  2616 | D:3      | 2616 ||| Stepping ~*~*~tactically~*~*~ (stealth).
  2617 | D:3      | 2617 ||| Stepping ~*~*~tactically~*~*~ (stealth).
  2783 | D:3      | 2783 ||| Stepping ~*~*~tactically~*~*~ (stealth).
  2785 | D:3      | 2785 ||| STAIRDANCE
  2817 | D:3      | Reached XP level 5. HP: 32/32 MP: 5/5
  3085 | D:3      | 3085 ||| DROPPING +0 whip.
  3586 | D:3      | 3586 ||| DRINKING 2 sapphire potions.
  3608 | D:3      | 3608 ||| READING 3 scrolls of identify.
  3608 | D:3      | 3608 ||| IDENTIFYING puce potion
  3609 | D:3      | 3609 ||| READING 2 scrolls of identify.
  3609 | D:3      | 3609 ||| IDENTIFYING smoky purple potion
  3733 | D:4      | Found Pabbop's Book Emporium.
  3749 | D:4      | Reached skill level 5 in Axes
  3938 | D:4      | Reached XP level 6. HP: 39/39 MP: 6/6
  3939 | D:4      | 3939 ||| Stepping ~*~*~tactically~*~*~ (stealth).
  4035 | D:4      | Found a runed translucent door.
  4036 | D:4      | Noticed qw's ghost (amateur GrFi)
  4049 | D:4      | 4049 ||| Stepping ~*~*~tactically~*~*~ (stealth).
  4329 | D:4      | Reached skill level 1 in Dodging
  4487 | D:4      | 4487 ||| UPGRADING to +0 chain mail.
  4497 | D:4      | 4497 ||| DROPPING +0 scale mail.
  4498 | D:4      | 4498 ||| UPGRADING to ring of positive energy.
  4499 | D:4      | 4499 ||| READING scroll labelled FUDWIC ZEAPAPT.
  4500 | D:4      | 4500 ||| READING scroll labelled EHENYK NIUGH.
  4501 | D:4      | 4501 ||| READING scroll labelled OWOSCH ESAENGUIFUN.
  4502 | D:4      | 4502 ||| READING 2 scrolls of identify.
  4502 | D:4      | 4502 ||| IDENTIFYING coppery potion
  4503 | D:4      | 4503 ||| DROPPING potion of degeneration.
  4543 | D:5      | Entered Level 5 of the Dungeon
  4729 | D:5      | Reached skill level 6 in Axes
  4729 | D:5      | Reached XP level 7. HP: 44/44 MP: 7/7
  4877 | D:5      | HP: 11/44 [ufetubus (3)]
  4878 | D:5      | 4878 ||| READING scroll of teleportation.
  4879 | D:5      | 4879 ||| DRINKING potion of heal wounds.
  5024 | D:5      | Reached skill level 7 in Axes
  5131 | D:5      | 5131 ||| Stepping ~*~*~tactically~*~*~ (stealth).
  5290 | D:5      | Found a shadowy altar of Dithmenos.
  5326 | D:5      | 5326 ||| Stepping ~*~*~tactically~*~*~ (stealth).
  5328 | D:5      | 5328 ||| Stepping ~*~*~tactically~*~*~ (hiding).
  5555 | D:5      | Reached XP level 8. HP: 37/49 MP: 8/8
  5838 | D:5      | 5838 ||| UPGRADING to +1 pair of gloves.
  5843 | D:5      | 5843 ||| UPGRADING to +0 cloak.
  5848 | D:5      | 5848 ||| DRINKING 2 yellow potions.
  5848 | D:5      | Gained mutation: You are partially covered in iridescent
                  | scales. (AC +2) [potion of mutation]
  5849 | D:5      | 5849 ||| DRINKING 2 inky potions.
  5971 | D:6      | Identified the +7 hammer "Cah Ehe" {vorpal, rPois rF- SInv}
  5976 | D:6      | Found a runed translucent door.
  5977 | D:6      | Noticed Crazy Yiuf
  6040 | D:6      | Reached skill level 8 in Axes
  6120 | D:6      | Found a blossoming altar of Fedhas.
  7122 | D:6      | 7122 ||| UPGRADING to scarf of repulsion.
  7132 | D:6      | 7132 ||| DROPPING scarf of repulsion.
  7133 | D:6      | 7133 ||| READING scroll labelled ANUBIT BUCYOSK.
  7134 | D:6      | 7134 ||| READING 2 scrolls of identify.
  7134 | D:6      | 7134 ||| IDENTIFYING murky amethyst potion
  7135 | D:6      | 7135 ||| DROPPING potion of brilliance.
  7160 | D:7      | 7160 ||| Stepping ~*~*~tactically~*~*~ (cloud).
  7163 | D:7      | 7163 ||| Stepping ~*~*~tactically~*~*~ (cloud).
  7170 | D:7      | HP: 11/51 [steam dragon (5)]
  7175 | D:7      | HP: 4/51 [steam dragon/ball of steam (8)]
  7176 | D:7      | HP: 1/51 [steam dragon] (3)]
  7176 | D:7      | Slain by a steam dragon

Levels and vault maps discovered:
D:1:      lemuel_arrival_behind_the_door_small, layout_basic, item_on_display_a
D:2:      minmay_angry_zag, layout_basic, shapermc_ecumenical_altar_notcrosses
D:3:      wad_crossroads, layout_basic
D:4:      layout_gridville, serial_shops, nicolae_shop_behind_doors,
          gammafunk_ghost_grave, minmay_misc_feat_roman, palyth_stone_intersect
D:5:      layout_gridville, minmay_crystal_room, minmay_ruined_shrine
D:6:      layout_loops_ring, mainiacjoe_overflow_paths,
          eino_small_chamber_without_monster, uniq_crazy_yiuf_cottage
D:7:      layout_layer_cave, kennysheep_mini_moat,
          minmay_temple_entry_statues_pillars, uniq_joseph

Skill      XL: |  1  2  3  4  5  6  7  8 |
---------------+-------------------------+-----
Axes           | 2 3 4 5 6 7 8 |  8.0
Fighting       | 4 5 |  5.9
Dodging        | 1 |  1.2
Armour         | 4 |  4.3
Shields        | |  3.2

Action                   |  1- 3 |  4- 6 |  7- 9 || total
-------------------------+-------+-------+-------++-------
Melee: War axe           |   164 |   173 |   163 ||   500
Throw: Boomerang         |       |    10 |     2 ||    12
  Use: Scroll            |     3 |     7 |     3 ||    13
       Potion            |     2 |     1 |     3 ||     6
Armor: Scale mail        |    71 |    65 |       ||   136
       Chain mail        |       |    12 |   113 ||   125
Dodge: Dodged            |    82 |    52 |    61 ||   195
       Repelled          |       |       |     1 ||     1
Block: Buckler           |    26 |    35 |    30 ||    91

Table legend:
 A = Non-vault XP
 B = Vault XP
 C = Vault XP percentage of total XP
 D = Non-vault monster count
 E = Vault monster count
 F = Vault count percentage of total count
                 A         B        C        D         E       F
            +---------+---------+-------+---------+---------+-------
      Total |    1706 |     152 |   8.2 |     119 |      18 |  13.1
            +---------+---------+-------+---------+---------+-------
        D:1 |      53 |       0 |   0.0 |      33 |       0 |   0.0
        D:2 |      65 |      11 |  14.5 |      24 |       7 |  22.6
        D:3 |      40 |      14 |  25.9 |      14 |       4 |  22.2
        D:4 |     224 |       0 |   0.0 |      26 |       0 |   0.0
        D:5 |     684 |     127 |  15.7 |      14 |       7 |  33.3
        D:6 |     640 |       0 |   0.0 |       8 |       0 |   0.0
            +---------+---------+-------+---------+---------+-------
